 Dungeon Crawl Stone Soup version 0.30-a0-469-g84de5afbc5 (webtiles) character file.

Game seed: 12602944238499057245

35 cforsyth the Cudgeller (level 3, -2/31 HPs)
             Began as an Armataur Gladiator on Dec 19, 2022.
             Slain by an orc wizard
             ... wielding a +0 dagger
              (4 damage)
             ... on level 2 of the Dungeon.
             The game lasted 00:02:03 (607 turns).

cforsyth the Cudgeller (Armataur Gladiator)          Turns: 607, Time: 00:02:03

Health: -2/31      AC:  5    Str: 21    XL:     3   Next: 16%
Magic:  3/3        EV: 10    Int:  8    God:
Gold:   0          SH:  0    Dex: 11    Spells: 2/2 levels left

rFire   . . .      SeeInvis .    a - +0 flail
rCold   . . .      Faith    .    (no shield)
rNeg    . . .      Spirit   .    b - +0 leather armour
rPois   .          Reflect  .    i - +0 helmet
rElec   .          Harm     .    (no cloak)
rCorr   .          Roll     +    (no gloves)
Will    .....                    (no barding)
Stlth   +.........               (no amulet)
HPRegen 0.25/turn                (no ring)
MPRegen 0.08/turn                (no ring)

@: flying
A: large, rugged brown scales 3, deformed body, armoured tail, roll, long
tongue, awkward tongue
a: no special abilities


You were on level 2 of the Dungeon.
You visited 1 branch of the dungeon, and saw 2 of its levels.

Inventory:

Hand Weapons
 a - a +0 flail (weapon)
Missiles
 d - 3 throwing nets (quivered)
 e - a javelin
Armour
 b - a +0 leather armour (worn)
 i - a +0 helmet (worn)
Scrolls
 c - a scroll of enchant armour {unknown}
 f - a scroll of vulnerability {unknown}
 g - a scroll of identify {unknown}
 j - a scroll of poison {unknown}
 l - a scroll of noise {unknown}


   Skills:
 + Level 2.2 Fighting
 + Level 3.0 Maces & Flails
 + Level 2.2 Throwing
 + Level 2.4 Dodging


You had 2 spell levels left.
You didn't know any spells.
Your spell library contained the following spells:

 Spells                   Type           Power      Damage    Failure   Level
 Ensorcelled Hibernation  Hex/Ice        0%         N/A       58%         2
 Passwall                 Tmut/Erth      0%         N/A       58%         2
 Swiftness                Air            0%         N/A       83%         3


Dungeon Overview and Level Annotations

Branches:
Dungeon (2/15)

Altars:

Shops:
D:1 (


Innate Abilities, Weirdness & Mutations

You are completely covered in rugged brown scales. (AC +3, +7% HP)
Armour fits poorly on your strangely shaped body.
You have a long armoured tail.
You roll when moving toward enemies. (Rampage)
Your long tongue fully drains potion bottles. (2x potion effects)
Your tongue gives you trouble enunciating. (1.5x scroll delay)


Message History

You barely miss something. Something completely misses you.
You miss something.
You hear some strange, mumbled words.
You are confused.
You hear some strange, mumbled words.
A magic dart appears from out of thin air!
The magic dart hits you.
You barely miss something.
Your tail-slap misses something.
You hear some strange, mumbled words.
A puff of flame appears from out of thin air!
The puff of flame hits you!
* * * LOW HITPOINT WARNING * * *
You bump into the rock wall.
Something hits you.
* * * LOW HITPOINT WARNING * * *
You closely miss something. Something hits you but does no damage.
You barely miss something. Something hits you.
* * * LOW HITPOINT WARNING * * *
You bump into the rock wall.
You feel less confused. Something hits you but does no damage.
You completely miss something.
Something hits you but does no damage. x2
You hit something but do no damage.
Your tail-slap misses something.
Something hits you but does no damage.
You thump something!
You hear some strange, mumbled words.
Something tries to affect you, but you resist.
You closely miss something. Something hits you but does no damage.
You closely miss something.
Your tail-slap misses something.
Something hits you.
* * * LOW HITPOINT WARNING * * *
Something hits you.
* * * LOW HITPOINT WARNING * * *
You miss something. Something hits you but does no damage.
You slurp down every last drop of the smoky orange potion!
It was a potion of flight.
You feel very buoyant.
You fly up into the air.
Something hits you but does no damage.
Okay, then.
You miss something. Something hits you.
You die...

#.# ###........#
#.####.....##...#
#..<.....#.)....#
#......#.###..#.#
#.######.# ..#
#.# #)# .# #.#
#.# #.#
#.######.#.....
#.....@{....# ##
########.#[.#
#.#..# #.# .# ..#
.# ### #


There were no monsters in sight!

Vanquished Creatures
  A dart slug (D:1)
  2 orcs (D:2)
  4 ball pythons (D:1)
  2 endoplasms (D:1)
  5 goblins (D:1)
  4 hobgoblins (D:1)
  A bat (D:1)
  A frilled lizard (D:1)
  3 kobolds (D:1)
  4 rats
27 creatures vanquished.

Notes
Turn   | Place    | Note
-------+----------+-------------------------------------------
     0 | D:1      | cforsyth the Armataur Gladiator began the quest for the
                  | Orb.
     0 | D:1      | Reached XP level 1. HP: 18/18 MP: 1/1
    87 | D:1      | Reached XP level 2. HP: 25/25 MP: 2/2
   116 | D:1      | Found Taihi's Weapon Emporium.
   191 | D:1      | Found a faded altar of an unknown god.
   268 | D:1      | Reached skill level 3 in Maces & Flails
   408 | D:1      | Reached XP level 3. HP: 26/31 MP: 3/3
   604 | D:2      | HP: 1/31 [something (3)]
   607 | D:2      | Slain by an orc wizard

Illustrated notes

Levels and vault maps discovered:
D:1:      co_arrival_square_in_a_square_in_a_square, layout_rooms,
          chequers_ecumenical_altar_simple_redux, serial_shops,
          nicolae_shop_bloodbath_and_beyond
D:2:      layout_basic, hex_large, uniq_terence

Skill      XL: |  1  2 |
---------------+-------+-----
Fighting       | 2 |  2.2
Throwing       | 2 |  2.2
Maces & Flails | 3 |  3.0
Dodging        | |  2.4

Action                   || total
-------------------------++-------
Melee: Flail             ||   109
       Tailslap          ||     6
  Use: Potion            ||     2
Armor: Leather armour    ||    58
Dodge: Dodged            ||    51

Table legend: (Time is in decaauts)
 A = Elapsed time spent in this place.
 B = Non-inter-level travel time spent in this place.
 C = Inter-level travel time spent in this place.
 D = Time resting spent in this place.
 E = Time spent auto-exploring this place.
 F = Levels seen in this place.
 G = Mean time per level.
                   A        B        C        D        E       F      G
               +--------+--------+--------+--------+--------+-----+--------+
         Total |    634 |    606 |     28 |      0 |    366 |   2 |  317.0 |
       Dungeon |    634 |    606 |     28 |      0 |    366 |   2 |  317.0 |
               +--------+--------+--------+--------+--------+-----+--------+

Top non-repeatable levels by time:
     D:1: 554 daAuts
     D:2: 80 daAuts
